 Dungeon Crawl Stone Soup version 0.19-a0-1021-g80cc50c (webtiles) character file.

487 Ihatecarrots00 the Chopper (level 6, -2/56 HPs)
             Began as a Minotaur Berserker on July 26, 2016.
             Was a Priest of Trog.
             Slain by kGEAR's ghost (12 damage)
             ... on level 4 of the Dungeon.
             The game lasted 00:13:21 (3332 turns).

Ihatecarrots00 the Chopper (Minotaur Berserker)     Turns: 3332, Time: 00:13:21

Health: -2/56      AC:  9    Str: 22    XL:     6   Next: 89%
Magic:  5/5        EV:  9    Int:  5    God:    Trog [***...]
Gold:   179        SH:  0    Dex: 10    Spells: 0 memorised, 5 levels left

rFire  . . .     SeeInvis .     a - +2 hand axe
rCold  . . .     Gourm    .     i - +0 chain mail
rNeg   . . .     Faith    .     (no shield)
rPois  .         Spirit   .     (helmet restricted)
rElec  .         Dismiss  .     (no cloak)
rCorr  .         Reflect  .     (no gloves)
SustAt .         Harm     .     (no boots)
MR     .....                    (no amulet)
Stlth  ..........               (no ring)
                                (no ring)

@: not resistant to hostile enchantments, extremely unstealthy
A: retaliatory headbutt, horns 2
a: Berserk, Trog's Hand, Burn Spellbooks, Renounce Religion


You were on level 4 of the Dungeon.
You worshipped Trog.
Trog was most pleased with you.
You were not hungry.

You visited 1 branch of the dungeon, and saw 4 of its levels.

You collected 179 gold pieces.

Inventory:

Hand Weapons
 a - a +2 hand axe (weapon)
 x - a +0 war axe
 y - a -1 hand axe
Armour
 b - a +0 animal skin
 f - a +0 pair of gloves of strength
 h - a +1 leather armour
 i - a +0 chain mail (worn)
Wands
 u - a wand of enslavement (7/24)
Scrolls
 e - a scroll of magic mapping
 o - a scroll of identify
 p - a scroll of recharging
 q - a scroll of fear {unknown}
 t - a scroll of remove curse
 z - a scroll of random uselessness {unknown}
Potions
 g - a potion of flight {unknown}
 l - a potion of magic {unknown}
 m - a potion of resistance {unknown}
 n - a potion of brilliance {unknown}
 r - a potion of might {unknown}
 s - a potion of degeneration
 v - a potion of lignification {unknown}
 A - a potion of mutation {unknown}
Comestibles
 c - 2 bread rations
 d - 2 fruits
 j - 2 slices of pizza
 k - 3 meat rations
 w - a beef jerky


   Skills:
 + Level 5.2 Fighting
 + Level 5.7 Axes
 + Level 4.6 Armour
 + Level 4.8 Dodging
 + Level 0.6 Stealth


You had 5 spell levels left.
You didn't know any spells.

Dungeon Overview and Level Annotations

Branches:
Dungeon (4/15)
 Temple: D:4-7

Altars:
Okawaru

Annotations:
D:4 kGEAR's ghost, amateur GrFi


Innate Abilities, Weirdness & Mutations

You reflexively headbutt those who attack you in melee.
You have a pair of horns on your head.


Message History

* * * LOW HITPOINT WARNING * * *
You hit kGEAR's ghost but do no damage.
KGEAR's ghost is moderately damaged.
You barely miss the hound. The hound bites you.
* * * LOW HITPOINT WARNING * * *
The hound bites you.
* * * LOW HITPOINT WARNING * * *
KGEAR's ghost hits you.
* * * LOW HITPOINT WARNING * * *
You hit kGEAR's ghost. You headbutt kGEAR's ghost.
KGEAR's ghost is heavily damaged.
You barely miss the hound. The hound barely misses you.
KGEAR's ghost hits you but does no damage.
Unknown command.
You hit kGEAR's ghost but do no damage.
KGEAR's ghost is heavily damaged.
You closely miss the hound. The hound bites you.
* * * LOW HITPOINT WARNING * * *
The hound completely misses you. KGEAR's ghost hits you!
You die...

########## .........#
.........# <........#
.........#######
......h........#
......W@.#####.#####
.............#.....# #
############....##.### #
##.(....## ####......###
##........## ###.....##
#..........## ####....
#...........#### ####.
#..............#### ####
#.......†..#.#....#####...


You could see a hound and kGEAR's ghost.

Vanquished Creatures
  Grinder (D:3)
  The ghost of Kaishin the Changer, an amateur OpTm (D:3)
  Ijyb (D:3)
  Terence (D:2)
  Robin (D:3)
  4 adders
  An ooze (D:3)
  2 worms
  4 dart slugs
  3 giant geckos
  3 orcs
  4 giant cockroaches
  14 goblins
  9 hobgoblins
  12 jackals
  8 kobolds
  3 quokkas
  12 bats
  A giant newt (D:2)
  A quokka skeleton (D:4)
  4 rats
90 creatures vanquished.

Notes
Turn   | Place    | Note
-------+----------+-------------------------------------------
     0 | D:1      | Ihatecarrots00 the Minotaur Berserker began the quest for the Orb.
     0 | D:1      | Reached XP level 1. HP: 19/19 MP: 0/0
    64 | D:1      | Reached XP level 2. HP: 15/27 MP: 1/1
   497 | D:1      | Reached XP level 3. HP: 24/33 MP: 2/2
   780 | D:2      | Reached ** piety under Trog
  1092 | D:2      | Noticed Terence
  1103 | D:2      | Killed Terence
  1103 | D:2      | Reached XP level 4. HP: 25/41 MP: 3/3
  1761 | D:3      | Noticed Grinder
  1779 | D:3      | Killed Grinder
  1779 | D:3      | Reached skill level 5 in Fighting
  1779 | D:3      | Reached skill level 5 in Axes
  1779 | D:3      | Reached XP level 5. HP: 9/48 MP: 4/4
  1779 | D:3      | Reached XP level 6. HP: 11/56 MP: 5/5
  1805 | D:3      | Noticed Kaishin's ghost (amateur OpTm)
  1810 | D:3      | Killed Kaishin's ghost
  2333 | D:3      | Noticed Robin
  2336 | D:3      | Noticed Ijyb
  2346 | D:3      | Killed Ijyb
  2346 | D:3      | Killed Robin
  2354 | D:3      | Reached *** piety under Trog
  2943 | D:4      | Found an iron altar of Okawaru.
  3318 | D:4      | Noticed kGEAR's ghost (amateur GrFi)
  3332 | D:4      | Slain by kGEAR's ghost

Vault maps used:
D:1:      eino_arrival_cavern_d, hangedman_decor_clover_reticule
D:2:      uniq_terence
D:3:      first_bread, uniq_grinder, uniq_iyjb, uniq_robin
D:4:      okawaru_ov_weapons_minmay, kennysheep_generic_room_14, uniq_eustachio

Skill      XL: |  1  2  3  4  5  6 |
---------------+-------------------+-----
Fighting       | 4 5 |  5.2
Axes           | 4 5 |  5.7
Dodging        | 3 4 |  4.8
Armour         | 3 4 |  4.6
Stealth        | |  0.6

Action                   |  1- 3 |  4- 6 || total
-------------------------+-------+-------++-------
Melee: Hand axe          |    58 |   110 ||   168
       Headbutt          |    12 |    14 ||    26
Evoke: Wand              |       |     1 ||     1
  Use: Scroll            |     5 |     3 ||     8
       Potion            |     1 |       ||     1
  Eat: Meat ration       |       |     2 ||     2
Armor: Animal skin       |     1 |       ||     1
       Leather armour    |    36 |     3 ||    39
       Chain mail        |       |    63 ||    63
Dodge: Dodged            |    75 |    77 ||   152
